 Dungeon Crawl Stone Soup version 0.22-a0-149-g870e420 (webtiles) character file.

39 4thArraOfDagon the Gusty (level 3, -5/24 HPs)
             Began as a Barachi Air Elementalist on Feb 7, 2018.
             Killed by divine providence
             ... invoked by an orc priest
              (12 damage)
             ... on level 2 of the Dungeon.
             The game lasted 00:03:43 (576 turns).

4thArraOfDagon the Gusty (Barachi Air Elementalist)  Turns: 576, Time: 00:03:44

Health: -5/24      AC:  2    Str:  9    XL:     3   Next: 45%
Magic:  7/7        EV: 12    Int: 16    God:
Gold:   2          SH:  0    Dex: 12    Spells: 6/7 levels left

rFire    . . .     SeeInvis .   d - +0 whip
rCold    . . .     Gourm    .   (no shield)
rNeg     . . .     Faith    .   a - +0 robe
rPois    .         Spirit   .   (no helmet)
rElec    .         Reflect  .   (no cloak)
rCorr    .         Harm     .   (no gloves)
MR       .....                  (no boots)
Stlth    ++........             (no amulet)
HPRegen  0.08/turn              (no ring)
MPRegen  0.10/turn              (no ring)

@: can't hop, slow
A: +LOS, swims, slowness 1, strong legs 1
a: Hop


You were on level 2 of the Dungeon.
You were not hungry.

You visited 1 branch of the dungeon, and saw 2 of its levels.

You collected 2 gold pieces.

Inventory:

Hand Weapons
 d - a +0 whip (weapon)
Armour
 a - a +0 robe (worn)
Scrolls
 f - 2 scrolls of identify {unknown}
 h - a scroll of amnesia {unknown}
 i - a scroll of remove curse {unknown}
Potions
 e - a potion of haste {unknown}
 g - a potion of magic {unknown}
Books
 b - a book of Air

   Spells                             Type                      Level
   a - Shock                          Conjuration/Air              1
   b - Swiftness                      Charms/Air                   2
   c - Static Discharge               Conjuration/Air              3
   d - Airstrike                      Air                          4
   e - Lightning Bolt                 Conjuration/Air              5
Comestibles
 c - 4 rations


   Skills:
 - Level 2.1 Dodging
 - Level 1.7 Stealth
 + Level 2.8 Spellcasting
 * Level 3.0 Conjurations
 - Level 3.2 Air Magic


You had 6 spell levels left.
You knew the following spells:

 Your Spells              Type           Power        Failure   Level  Hunger
a - Shock                 Conj/Air       ##..         5%          1    #......


Dungeon Overview and Level Annotations

Branches:
Dungeon (2/15)

Altars:


Innate Abilities, Weirdness & Mutations

Shadows flee at your approach. (+LOS)
You can swim through water.
You cover ground slowly.
You can hop short distances.


Message History

The kobold closely misses you.
Unknown command.
The kobold hits you with a club.
* * * LOW HITPOINT WARNING * * *
Unknown command.
Unknown command.
The kobold hits you but does no damage.
Unknown command.
Unknown command.
Unknown command.
Unknown command.
Unknown command.
Unknown command.
There is a stone staircase leading up here.
Unknown command.
The kobold barely misses you.
The orc priest calls down the wrath of Beogh upon you.
Beogh smites you!
Ouch! That really hurt!
You die...

.....##.##.# .....##.##.#
##### .........#.# ...
.....##..... ..#
.....##.##.########.######
.........#........)......#
#..#.....#..#######.####.###
#...........####...........#
#........#..o.gK@...####.#.#
##.#.....#.#####.##.#
##.....###.# #.##.#
.......###g#####.##.#
#.##...g.........##.#
#.#.#........######.##
#..###.......# #..# #.#
##......######..# .#
##..........†..#


You could see an orc priest, a goblin and a kobold.

Vanquished Creatures
  2 adders (D:2)
  3 bats (D:1)
  2 goblins (D:2)
  3 hobgoblins (D:1)
  3 frilled lizards
  3 kobolds (D:1)
  6 rats (D:1)
22 creatures vanquished.

Notes
Turn   | Place    | Note
-------+----------+-------------------------------------------
     0 | D:1      | 4thArraOfDagon the Barachi Air Elementalist began the quest for the Orb.
     0 | D:1      | Reached XP level 1. HP: 13/13 MP: 3/3
     0 | D:1      | lets end this bullshit
   101 | D:1      | Reached XP level 2. HP: 13/19 MP: 3/5
   466 | D:2      | Reached XP level 3. HP: 24/24 MP: 0/7
   576 | D:2      | Killed from afar by an orc priest

Vault maps used:
D:1:      minmay_arrival_semitransparent, serial_forest,
          infiniplex_forest_lined_4_way, infiniplex_forest_clump_cross,
          infiniplex_forest_clump_small, infiniplex_forest_clump_C,
          infiniplex_forest_lined_corner, infiniplex_forest_split,
          infiniplex_forest_lined_room_2
D:2:      nicolae_ru_great_annihilating_truth, glass_columns_c

Skill      XL: |  1  2  3 |
---------------+----------+-----
Conjurations   | 2 3 |  3.0
Dodging        | |  2.1
Stealth        | |  1.7
Spellcasting   | |  2.8
Air Magic      | |  3.2

Action                   || total
-------------------------++-------
Melee: Whip              ||    26
 Cast: Shock             ||    27
 Abil: Hop               ||     1
 Stab: Sleeping          ||     1
Armor: Robe              ||    11
Dodge: Dodged            ||    37

Table legend:
 A = Spawn XP
 B = Non-spawn XP
 C = Spawn XP percentage of total XP
 D = Spawn monster count
 E = Non-spawn monster count
 F = Spawn count percentage of total count
 G = Total turns spent on level
                    A         B        C        D         E        F      G
               +---------+---------+-------+---------+---------+-------+---------
         Total |       0 |      56 |   0.0 |       0 |      22 |   0.0 |   576
               +---------+---------+-------+---------+---------+-------+---------
           D:1 |       0 |      25 |   0.0 |       0 |      17 |   0.0 |   437
           D:2 |       0 |      31 |   0.0 |       0 |       5 |   0.0 |   139
               +---------+---------+-------+---------+---------+-------+---------
